 Dungeon Crawl Stone Soup version 0.16-a0-2675-g216447c (console) character file.

4771 utis the Basher (level 10, -1/61 HPs)
             Began as a Kobold Fighter on Nov 24, 2014.
             Was a Believer of Elyvilon.
             Slain by a komodo dragon (17 damage)
             ... on level 1 of the Lair of Beasts.
             The game lasted 00:37:30 (15570 turns).

utis the Basher (Kobold Fighter)                   Turns: 15570, Time: 00:37:30

Health: -1/61      AC: 11    Str: 15    XL:     10   Next: 75%
Magic:  14/21      EV:  7    Int:  9    God:    Elyvilon [**....]
Gold:   357        SH:  5    Dex: 16    Spells: 0 memorised, 9 levels left

rFire  . . .     SeeInvis .     a - +2 flail
rCold  . . .     Clarity  .     K - +0 chain mail (curse)
rNeg   . . .     SustAb   .     c - +0 buckler
rPois  .         Gourm    .     H - +0 helmet
rElec  .         Spirit   .     (no cloak)
rCorr  .         Warding  .     (no gloves)
rMut   .         Stasis   .     (no boots)
MR     .....                    (no amulet)
Stlth  ..........               (no ring)
                                (no ring)

@: not resistant to hostile enchantments, extremely unstealthy
A: carnivore 3
a: Lesser Healing, Lesser Self-Healing, Divine Protection, Purification,
Renounce Religion


You were on level 1 of the Lair of Beasts.
You worshipped Elyvilon.
Elyvilon was pleased with you.
You were hungry.

You visited 3 branches of the dungeon, and saw 10 of its levels.
You also visited: Ossuary.

You collected 477 gold pieces.
You spent 120 gold pieces at shops.

Inventory:

Hand weapons
 a - a +2 flail (weapon)
 e - a +1 whip of flaming
 y - a +1 mace of holy wrath
 A - the cursed +4 mace of Wemoez {flame, Int+3, unknown}
   (You found it on level 5 of the Dungeon)

   It emits flame when wielded, causing extra injury to most foes and up to
   double damage against particularly susceptible opponents.
   It affects your intelligence (+3).
   It has a curse placed upon it.
 P - the +7 dagger "Jellyslayer" {venom, rC+, unknown}
   (You found it on level 7 of the Dungeon)

   It poisons the flesh of those it strikes.
   It protects you from cold.
Missiles
 h - 18 tomahawks
 n - 159 stones (quivered)
 o - 39 poisoned needles
 r - 89 sling bullets
Armour
 b - a +0 scale mail
 c - a +0 buckler (worn)
 G - the cursed -5 leather armour of the Gardener {Str+3, unknown}
   (You found it on level 5 of the Dungeon)

   It affects your strength (+3).
   It has a curse placed upon it.
 H - a +0 helmet (worn)
 K - a cursed +0 chain mail (worn)
 M - a +0 pair of gloves
Magical staves
 L - an uncursed staff of death
Jewellery
 f - an uncursed ring of wizardry {unknown}
 x - an uncursed ring of positive energy {unknown}
 C - an uncursed ring of loudness
Magical devices
 u - a wand of teleportation (5)
 E - a wand of draining (3)
 V - a wand of teleportation (3)
Scrolls
 j - a scroll of magic mapping
 k - a scroll of noise
 B - a scroll of amnesia
 D - a scroll of teleportation {!r}
 F - 2 scrolls of blinking {!r}
 J - 2 scrolls of immolation
 Q - 2 scrolls of brand weapon {unknown}
 X - a scroll of fog {unknown}
Potions
 g - 2 potions of magic {unknown}
 l - 3 potions of restore abilities {unknown}
 p - a potion of beneficial mutation {unknown}
 s - 4 potions of brilliance {unknown}
 t - a potion of poison {unknown}
 v - a potion of invisibility {unknown}
 w - a potion of lignification {unknown}
 z - 3 potions of cancellation
 I - 3 potions of haste {unknown}
 N - 2 potions of agility
 O - a potion of cure mutation {unknown}
 R - 2 potions of might
 S - 3 potions of curing
Books
 m - a book of Enchantments

   Spells                             Type                      Level
   Tukima's Dance                     Hexes                        3
   Cause Fear                         Hexes                        4
   Silence                            Hexes/Air                    5
   Deflect Missiles                   Charms/Air                   6
   Haste                              Charms                       6
   Discord                            Hexes                        8
 U - a book of Control

   Spells                             Type                      Level
   Control Teleport                   Charms/Translocation         4
   Control Undead                     Necromancy                   4
   Enslavement                        Hexes                        4
   Metabolic Englaciation             Hexes/Ice                    5
   Mass Confusion                     Hexes                        6
 W - a book of Hinderance

   Spells                             Type                      Level
   Confusing Touch                    Hexes                        2
   Confuse                            Hexes                        3
   Petrify                            Transmutation/Earth          4
   Leda's Liquefaction                Hexes/Earth                  4
   Metabolic Englaciation             Hexes/Ice                    5
   Summon Mana Viper                  Hexes/Summoning              5
Comestibles
 d - a meat ration
 i - a slice of pizza
 q - a beef jerky


   Skills:
 - Level 6.3 Fighting
 - Level 10.0 Maces & Flails
 - Level 5.2 Armour
 - Level 6.4 Dodging
 - Level 2.4 Shields
 + Level 7.2 Invocations


You had 9 spell levels left.
You didn't know any spells.

Dungeon Overview and Level Annotations

Branches:
Dungeon (8/15)             Temple (1/1) D:7            Lair (1/8) D:8

Altars:
Ashenzari
Cheibriados
Dithmenos
Elyvilon
Fedhas
Gozag
Kikubaaqudgha
Makhleb
Nemelex Xobeh
Okawaru
Qazlal
Ru
Sif Muna
Trog
Vehumet
Xom
Yredelemnul
Zin
The Shining One

Shops:
D:6 *


Innate Abilities, Weirdness & Mutations

You are small and have problems with some larger weapons.
You are carnivorous and can eat meat at any time.


Message History

You block the iguana's attack. You block the komodo dragon's attack.
The iguana bites you.
Unknown command.
Use which ability? (? or * to list)
Press: ? - help, Dir - move target cursor, f - komodo dragon, p - spiny frog Heal: a komodo dragon The light of Elyvilon fails to reach the komodo dragon.
You feel somewhat more hungry. The spiny frog closely misses you.
The iguana barely misses you. The komodo dragon barely misses you.
The iguana bites you but does no damage.
Read which item? (? for menu, Esc to quit)
Really read
D - a scroll of teleportation {!r}?
Read which item? (? for menu, Esc to quit)
You can't read that!
You drop a dyed leather armour.
The spiny frog stings you!
* * * LOW HITPOINT WARNING * * *
The iguana bites you.
* * * LOW HITPOINT WARNING * * *
The komodo dragon bites you!
You die...

▓..▓▓...........▓..
▓..▓▓▓............▓ ▓▓.▓
▓............▓▓▓▓ ⚵.▓
▓▓...........▓....
▓▓.▓▓▓...............⚶..
▓.▓.▓.▓⚵..............
▓..▓.▓▓▓▓..........▓▓
▓..▓ ▓.........▓▓ ...▓▓
▓.▓.....Kl.▓ ▓...
........llF.▓ ▓...
..▓▓▓....l..▓ ....
......▓..▓.... .▓...
▓▓+....▓..... ▓...
..▓..▓▓..▓▓. . ..▓..▓
.▓▓ ▓..▓ .▓ .


You could see a komodo dragon, a spiny frog and 3 iguanas.

Vanquished Creatures
  Pikel (D:4)
  A deep elf fighter (D:8)
  Menkaure (D:4)
  A sky beast (D:8)
  2 slaves
  An orc warrior (D:8)
  3 ice beasts
  2 centaurs
  Duvessa (D:7)
  5 elf zombies (Ossuary)
  4 ogres
  A giant frog (D:5)
  Blork the orc (D:6)
  4 scorpions
  9 wights
  Dowan (D:7)
  2 quasits
  A yellow wasp zombie (D:8)
  A crimson imp (D:5)
  6 jellies
  3 giant frog zombies
  3 centaur zombies (Ossuary)
  4 hounds
  5 orc priests
  9 worker ants
  5 orc wizards
  An iguana (D:4)
  A killer bee zombie (D:6)
  A big kobold zombie (Ossuary)
  A mummy (Ossuary)
  7 gnolls
  A worker ant zombie (D:6)
  4 adders
  3 giant mites
  A worm (D:4)
  3 adder skeletons
  6 giant geckos
  3 oozes
  30 orcs
  2 ball pythons
  3 bat skeletons
  6 giant cockroaches
  12 goblins
  10 hobgoblins
  11 jackals
  13 kobolds
  6 quokkas
  18 bats
  6 giant newts
  8 hobgoblin zombies (Ossuary)
  A jackal skeleton (D:4)
  9 kobold zombies (Ossuary)
  11 orc zombies (Ossuary)
  10 rats
  A spectral orc (D:3)
  4 ballistomycetes (D:6)
270 creatures vanquished.

Vanquished Creatures (others)
  A giant spore (D:6)
  2 rats (D:8)
  A fungus (D:8)
4 creatures vanquished.

Grand Total: 274 creatures vanquished

Notes
Turn   | Place    | Note
--------------------------------------------------------------
     0 | D:1      | utis, the Kobold Fighter, began the quest for the Orb.
     0 | D:1      | Reached XP level 1. HP: 14/14 MP: 1/1
   348 | D:1      | Reached XP level 2. HP: 19/19 MP: 2/2
  1025 | D:1      | Reached XP level 3. HP: 23/23 MP: 3/3
  1970 | D:2      | Reached skill level 4 in Maces & Flails
  1970 | D:2      | Reached XP level 4. HP: 28/28 MP: 4/4
  2112 | D:2      | Found an opulent altar of Gozag.
  2333 | D:2      | Reached XP level 5. HP: 30/32 MP: 5/5
  2995 | D:3      | Reached skill level 5 in Maces & Flails
  3105 | D:3      | Found a basalt altar of Yredelemnul.
  3788 | D:4      | Noticed Menkaure
  3805 | D:4      | Killed Menkaure
  3805 | D:4      | Reached skill level 6 in Maces & Flails
  3805 | D:4      | Reached XP level 6. HP: 17/37 MP: 6/6
  4219 | D:4      | Noticed a slave
  4220 | D:4      | Noticed Pikel
  4233 | D:4      | Noticed a slave
  4234 | D:4      | Noticed a slave
  4235 | D:4      | Noticed a slave
  4249 | D:3      | Killed a slave
  4422 | D:4      | Noticed a centaur
  4449 | D:4      | Killed a centaur
  4449 | D:4      | Reached skill level 7 in Maces & Flails
  4449 | D:4      | Reached XP level 7. HP: 15/41 MP: 7/7
  4945 | D:4      | Killed a slave
  5713 | D:4      | Killed Pikel
  5713 | D:4      | Reached skill level 9 in Maces & Flails
  5713 | D:4      | Reached XP level 8. HP: 26/46 MP: 8/8
  6068 | D:5      | Entered Level 5 of the Dungeon
  6264 | D:5      | Got a shimmering mace
  6311 | D:5      | Got an obsidian-encrusted leather armour
  6489 | D:5      | Reached skill level 10 in Maces & Flails
  6821 | D:5      | Reached XP level 9. HP: 34/53 MP: 9/9
  6962 | D:5      | Reached skill level 5 in Fighting
  7477 | D:5      | Found an ancient bone altar of Kikubaaqudgha.
  7633 | D:5      | Found a white marble altar of Elyvilon.
  7671 | D:5      | Reached skill level 1 in Dodging
  8605 | D:6      | Noticed Blork the orc
  8618 | D:6      | Killed Blork the orc
  8628 | D:6      | Found a sand-covered staircase.
  8670 | Ossuary  | Entered an ossuary
  9001 | Ossuary  | HP: 2/56 [mummy (13)]
  9180 | Ossuary  | Reached skill level 5 in Dodging
 10179 | D:6      | Reached XP level 10. HP: 61/61 MP: 10/10
 10620 | D:6      | Found Rafacw's General Store.
 10812 | D:6      | Reached skill level 5 in Armour
 10832 | D:6      | Bought a scroll of magic mapping for 35 gold pieces
 10833 | D:6      | Bought a +0 pair of gloves for 45 gold pieces
 10833 | D:6      | Bought a potion of agility for 40 gold pieces
 11622 | D:7      | Found a staircase to the Ecumenical Temple.
 11629 | Temple   | Entered the Ecumenical Temple
 11944 | D:5      | Became a worshipper of Elyvilon the Healer
 12356 | D:7      | Got a brightly glowing dagger
 12392 | D:7      | Noticed Duvessa
 12394 | D:7      | Noticed Dowan
 12412 | D:7      | Killed Duvessa
 12419 | D:7      | Killed Dowan
 12442 | D:7      | Acquired Elyvilon's first power
 13847 | D:8      | Reached skill level 5 in Invocations
 14216 | D:8      | Found a staircase to the Lair.
 14268 | D:8      | Acquired Elyvilon's second power
 15293 | Lair:1   | Entered Level 1 of the Lair of Beasts
 15558 | Lair:1   | Noticed a spiny frog
 15570 | Lair:1   | Slain by a komodo dragon

Action                   |  1- 3 |  4- 6 |  7- 9 | 10-12 || total
-------------------------+-------+-------+-------+-------++-------
Melee: Flail             |    70 |   162 |    89 |   139 ||   460
       Mace              |       |     3 |   410 |   130 ||   543
Throw: Tomahawk          |     3 |    16 |    24 |     4 ||    47
       Stone             |       |       |    16 |    19 ||    35
Invok: Lesser Healing    |       |       |       |    86 ||    86
  Use: Scroll            |     3 |     4 |     6 |     1 ||    14
       Potion            |     1 |       |     5 |     2 ||     8
  Eat: Chunk             |     6 |    14 |    18 |    21 ||    59
